 Dungeon Crawl Stone Soup version 0.23.0-3-gf3c87f2 (webtiles) character file.

Game seed: 18213828385090573219

7207 MovingMist the Fighter (level 11, 0/73 HPs)
             Began as a Gargoyle Fighter on Feb 24, 2019.
             Was a Follower of the Shining One.
             Slain by Psyche
             ... wielding a +3 dagger of distortion
              (20 damage)
             ... on level 9 of the Dungeon.
             The game lasted 00:25:32 (8938 turns).

MovingMist the Fighter (Gargoyle Fighter)           Turns: 8938, Time: 00:25:32

Health: 0/73       AC: 28    Str: 22    XL:     11   Next: 11%
Magic:  11/11      EV:  9    Int: 12    God:    the Shining One [*.....]
Gold:   502        SH:  0    Dex: 11    Spells: 10/10 levels left

rFire    + . .     SeeInvis .   C - +0 dire flail
rCold    + . .     Gourm    .   (shield currently unavailable)
rNeg     + . .     Faith    .   i - +2 plate armour {rF+}
rPois    ∞         Spirit   .   (no helmet)
rElec    +         Reflect  .   q - +0 cloak
rCorr    .         Harm     .   H - +0 pair of gloves
MR       .....                  G - +0 pair of boots of Gallantry {Int+4}
Stlth    ..........             (no amulet)
HPRegen  0.22/turn              b - ring of protection from cold
MPRegen  0.12/turn              (no ring)

@: about to teleport, glowing
A: negative energy resistance 1, electricity resistance, unbreathing,
petrification resistance, rot immunity, AC +8
a: Renounce Religion


You were on level 9 of the Dungeon.
You worshipped the Shining One.
The Shining One was aware of your devotion.
You were not hungry.

You visited 2 branches of the dungeon, and saw 10 of its levels.

You collected 502 gold pieces.

Inventory:

Hand Weapons
 B - a +0 morningstar
 C - a +0 dire flail (weapon)
Missiles
 m - 3 javelins (quivered)
Armour
 c - a +0 shield
 i - a +2 plate armour of fire resistance (worn)
 q - a +0 cloak (worn)
 G - the +0 pair of boots of Gallantry (worn) {Int+4}
   (You found it on level 8 of the Dungeon)

   It affects your intelligence (+4).
 H - a +0 pair of gloves (worn)
Jewellery
 b - a ring of protection from cold (left hand)
Wands
 p - a wand of paralysis (5)
 A - a wand of enslavement (5)
Scrolls
 k - 4 scrolls of immolation
 n - 5 scrolls of teleportation
 r - a scroll of fog
 s - a scroll of fear
 w - a scroll of magic mapping
 x - 4 scrolls of remove curse
 y - a scroll of identify
 z - a scroll of amnesia
Potions
 a - a potion of brilliance {unknown}
 d - a potion of might
 e - 3 potions of heal wounds
 g - 2 potions of haste
 h - a potion of berserk rage {unknown}
 j - a potion of resistance {unknown}
 l - a potion of cancellation {unknown}
 o - a potion of invisibility {unknown}
 t - 5 potions of curing {unknown}
 u - 2 potions of flight
 v - a potion of agility {unknown}
 E - a potion of degeneration {unknown}
Comestibles
 f - 15 rations
 D - 15 chunks of flesh


   Skills:
 + Level 10.8 Fighting
 + Level 8.5 Maces & Flails
 + Level 9.6 Armour
 * Level 6.2 Dodging
 - Level 3.2 Shields


You had 10 spell levels left.
You didn't know any spells.
Your spell library contained the following spells:

 Spells                   Type           Power        Failure   Level  Hunger
 Corona                   Hex            #......      99%         1    ##.....
 Sandblast                Erth           #.....       99%         1    ##.....
 Passwall                 Tmut/Erth      #.......     100%        2    ###....
 Slow                     Hex            #.......     100%        2    ###....
 Inner Flame              Hex/Fire       #.......     100%        3    ####...
 Portal Projectile        Hex/Tloc       #.....       100%        3    ####...
 Stone Arrow              Conj/Erth      #.....       100%        3    ####...
 Cause Fear               Hex            #.........   100%        4    #####..
 Leda's Liquefaction      Hex/Erth       #.........   100%        4    #####..
 Petrify                  Tmut/Erth      #.......     100%        4    #####..
 Lee's Rapid Deconstruct  Erth           #.........   100%        5    ######.


Dungeon Overview and Level Annotations

Branches:
Dungeon (9/15)             Temple (1/1) D:7
   Lair: D:8-11         Orc: D:9-12

Altars:
Ashenzari
Cheibriados
Dithmenos
Elyvilon
Fedhas
Gozag
Hepliaklqana
Kikubaaqudgha
Nemelex Xobeh
Qazlal
Ru
Sif Muna
Trog
Uskayaw
Vehumet
Wu Jian
Xom
Yredelemnul
Zin
The Shining One
Jiyva

Annotations:
D:6 3 runed translucent doors, Nr616's ghost, amateur MiGl
D:8 Pikel
D:9 Psyche


Innate Abilities, Weirdness & Mutations

You are resistant to torment.
Your stone body is resilient. (AC +8)
You are immune to poison.
You resist negative energy. (rN+)
You are resistant to electric shocks. (rElec)
You can survive without breathing.
You are immune to petrification.
You are immune to rotting.


Message History

There is an open door here.
Psyche zaps a wand.
The bolt of acid hits you.
You are splashed with acid!
Psyche gestures wildly while chanting.
Psyche seems to speed up.
Psyche zaps a wand.
The bolt of acid hits you but does no damage.
You are splashed with acid!
You hit Psyche.
Psyche is lightly wounded.
Psyche closely misses you. Psyche hits you but does no damage.
Space warps horribly around you!
* * * LOW HITPOINT WARNING * * *
You hit Psyche.
Psyche is moderately wounded.
Psyche hits you but does no damage.
You feel strangely unstable.
You hit Psyche.
Psyche is moderately wounded.
Psyche barely misses you. Psyche hits you but does no damage.
Space warps horribly around you!!
You die...

#.# #.# #.## #..# ##.#
#######'## #+##### ##
###........### ....... .#
##.'..(.....'.# .......
.###..#).......#@# .......
.##..##........#@## ..Z....
.'..###........#oZ##.......
.#### #........##..#.......
.# #........###.'....... .#
#........# ###....... ##
#........# .......
####+##### #+#####


You could see Psyche, an orc and a bullfrog skeleton.

Vanquished Creatures
  A hydra (D:8)
  A queen ant (D:9)
  Joseph (D:7)
  2 trolls (D:9)
  A hungry ghost (D:9)
  12 soldier ants (D:9)
  3 orc warriors
  4 sky beasts
  A black bear (D:7)
  A hornet zombie (D:9)
  3 ogres
  A centaur (D:9)
  A big kobold (D:7)
  4 bullfrogs
  2 scorpions
  A water moccasin skeleton (D:5)
  An electric eel (D:8)
  2 howler monkeys
  A bullfrog zombie (D:6)
  3 crimson imps
  A quasit (D:6)
  A hound (D:8)
  A gnoll shaman (D:5)
  5 orc priests
  4 jellies
  5 orc wizards
  2 iguanas
  Ijyb (D:4)
  31 worker ants
  A killer bee zombie (D:7)
  2 hound skeletons
  A mummy (D:7)
  A worker ant zombie (D:7)
  18 adders
  8 gnolls (D:5)
  A shadow imp (D:6)
  5 oozes
  An adder skeleton (D:5)
  4 worms
  A dart slug (D:4)
  4 leopard geckos
  33 orcs
  11 bats
  2 giant cockroaches
  8 goblins
  12 hobgoblins
  2 jackals (D:4)
  3 quokkas
  3 ball pythons
  3 frilled lizards
  18 kobolds
  A leopard gecko skeleton (D:5)
  A quokka zombie (D:5)
  8 rats
249 creatures vanquished.

Vanquished Creatures (others)
  A soldier ant (D:9)
1 creature vanquished.

Grand Total: 250 creatures vanquished

Notes
Turn   | Place    | Note
-------+----------+-------------------------------------------
     0 | D:1      | MovingMist the Gargoyle Fighter began the quest for the
                  | Orb.
     0 | D:1      | Reached XP level 1. HP: 14/14 MP: 1/1
   108 | D:1      | Reached XP level 2. HP: 11/19 MP: 2/2
   401 | D:1      | Reached XP level 3. HP: 24/24 MP: 3/3
   403 | D:1      | Reached skill level 4 in Fighting
   771 | D:2      | Reached XP level 4. HP: 14/30 MP: 4/4
   991 | D:2      | Found a shattered altar of Ashenzari.
  1594 | D:3      | Reached XP level 5. HP: 34/34 MP: 5/5
  1657 | D:3      | Reached skill level 5 in Fighting
  2048 | D:3      | Reached XP level 6. HP: 31/40 MP: 6/6
  2571 | D:3      | Found a white marble altar of Elyvilon.
  2577 | D:3      | Found a glowing silver altar of Zin.
  2629 | D:4      | Noticed Ijyb
  2674 | D:4      | Killed Ijyb
  2757 | D:4      | Reached skill level 6 in Fighting
  2829 | D:4      | Found a stormy altar of Qazlal.
  2918 | D:4      | Found a radiant altar of Vehumet.
  2989 | D:4      | Reached XP level 7. HP: 47/47 MP: 7/7
  3032 | D:4      | Reached skill level 5 in Armour
  3233 | D:5      | Entered Level 5 of the Dungeon
  3802 | D:5      | Reached skill level 7 in Fighting
  3966 | D:5      | Found a hazy altar of Hepliaklqana.
  4276 | D:6      | Reached XP level 8. HP: 52/54 MP: 8/8
  4593 | D:6      | Found a runed translucent gate.
  4593 | D:6      | Found a runed translucent gate.
  4593 | D:6      | Found a runed translucent gate.
  4593 | D:6      | Identified the +5 short sword of a bailey {chaos, MR+ SInv}
  4593 | D:6      | Noticed Nr616's ghost (amateur MiGl)
  4593 | D:6      | Noticed a kobold demonologist
  4698 | D:7      | Found a shimmering altar of Xom.
  4698 | D:7      | Found a shimmering altar of Xom.
  4698 | D:7      | Found a shimmering altar of Xom.
  4698 | D:7      | Found a shimmering altar of Xom.
  4706 | D:7      | Reached skill level 8 in Fighting
  4706 | D:7      | Reached skill level 5 in Maces & Flails
  4734 | D:7      | Found a deep blue altar of Sif Muna.
  5058 | D:7      | Found an opulent altar of Gozag.
  5069 | D:7      | Noticed Joseph
  5087 | D:7      | Killed Joseph
  5087 | D:7      | Reached skill level 9 in Fighting
  5087 | D:7      | Reached XP level 9. HP: 16/60 MP: 9/9
  5342 | D:7      | Noticed a troll
  5342 | D:7      | a soldier ant changed into a troll
  5343 | D:7      | a troll changed into a basilisk
  5349 | D:7      | Found a staircase to the Ecumenical Temple.
  5358 | Temple   | Entered the Ecumenical Temple
  5983 | D:7      | Found an ornate altar of the Wu Jian Council.
  6063 | D:7      | Found a snail-covered altar of Cheibriados.
  6174 | D:8      | Got a pair of warped boots
  6181 | D:8      | Identified the cursed +0 pair of boots of Gallantry {Int+4}
                  | (You found it on level 8 of the Dungeon)
  6263 | D:8      | Noticed a five-headed hydra
  6286 | D:8      | Reached skill level 1 in Dodging
  6577 | D:8      | Noticed Pikel
  6601 | D:8      | Killed a five-headed hydra
  7128 | D:8      | Found a glowing golden altar of the Shining One.
  7135 | D:8      | Became a worshipper of the Shining One
  7734 | D:9      | Reached XP level 10. HP: 68/68 MP: 10/10
  7796 | D:9      | Reached skill level 10 in Fighting
  8463 | D:9      | Noticed a queen ant
  8507 | D:9      | Killed a queen ant
  8507 | D:9      | Reached skill level 5 in Dodging
  8543 | D:9      | Reached * piety under the Shining One
  8659 | D:9      | Reached XP level 11. HP: 67/73 MP: 11/11
  8930 | D:9      | Noticed Psyche
  8938 | D:9      | Slain by Psyche

Skill      XL: |  1  2  3  4  5  6  7  8  9 10 11 |
---------------+----------------------------------+-----
Fighting       | 4 5 6 7 9 10 | 10.8
Armour         | 4 5 6 8 9 |  9.6
Maces & Flails | 3 4 5 7 8 |  8.5
Dodging        | 3 5 6 |  6.2
Shields        | |  3.2

Action                   |  1- 3 |  4- 6 |  7- 9 | 10-12 || total
-------------------------+-------+-------+-------+-------++-------
Melee: Flail             |    99 |   316 |   145 |       ||   560
       Unarmed           |       |    31 |       |       ||    31
       Morningstar       |       |       |   186 |       ||   186
       Dire flail        |       |       |    95 |   328 ||   423
  Use: Scroll            |       |     3 |    15 |       ||    18
       Potion            |       |       |     1 |       ||     1
  Eat: Chunk             |       |     8 |    11 |     2 ||    21
       Ration            |       |       |     2 |     2 ||     4
Armor: Scale mail        |    55 |    56 |       |       ||   111
       Chain mail        |       |   166 |     3 |       ||   169
       Plate armour      |       |       |   403 |   196 ||   599
Dodge: Dodged            |    34 |   106 |   104 |   102 ||   346
Block: Shield            |    69 |   185 |   184 |       ||   438
